 Dungeon Crawl Stone Soup version 0.29.0-4-gdea44cf6ec (webtiles) character file.

Game seed: 8821611235099123741

339 qw the Chopper (level 6, -3/35 HPs)
             Began as a Tengu Warper on Aug 28, 2022.
             Slain by an ogre
             ... wielding a +0 giant club
              (19 damage)
             ... on level 4 of the Dungeon.
             The game lasted 00:00:24 (3498 turns).

qw the Chopper (Tengu Warper)                       Turns: 3498, Time: 00:00:25

Health: -3/35      AC: 18    Str: 14    XL:     6   Next: 55%
Magic:  10/10      EV:  5    Int: 13    God:
Gold:   173        SH:  0    Dex: 13    Spells: 9/9 levels left

rFire   . . .      SeeInvis +   Y - +1 war axe (protect)
rCold   . . .      Faith    .   (no shield)
rNeg    . . .      Spirit   .   i - +0 plate armour
rPois   .          Reflect  .   (helmet restricted)
rElec   .          Harm     .   (no cloak)
rCorr   .          Rampage  .   (no gloves)
Will    .....                   (boots unavailable)
Stlth   ..........              (no amulet)
HPRegen 0.11/turn               a - ring of see invisible
MPRegen 0.12/turn               (no ring)

@: under a protective aura, flying quickly and evasively, quick
A: beak, talons 3, nimble flight
a: no special abilities


You were on level 4 of the Dungeon.
You visited 1 branch of the dungeon, and saw 4 of its levels.

You collected 173 gold pieces.


Innate Abilities, Weirdness & Mutations

You have a beak for a mouth.
You have claws for feet.
Your magical nature lets you fly swiftly and evasively.


   Skills:
 + Level 2.0 Fighting
 - Level 7.1 Axes
 - Level 1.0 Throwing
 - Level 2.2 Armour
 - Level 2.1 Dodging
 - Level 2.0 Spellcasting
 - Level 2.4 Translocations


You had 9 spell levels left.
You didn't know any spells.
Your spell library contained the following spells:

 Spells                   Type           Power      Damage    Failure   Level
 Blink                    Tloc           14%        N/A       100%        2
 Gell's Gravitas          Tloc           7%         N/A       100%        3
 Lesser Beckoning         Tloc           7%         N/A       100%        3
 Teleport Other           Tloc           7%         N/A       100%        3
 Manifold Assault         Tloc           7%         N/A       100%        5

Inventory:

Hand Weapons
 b - a +0 flail
 Y - a +1 war axe of protection (weapon)
Armour
 i - a +0 plate armour (worn)
Jewellery
 a - a ring of see invisible (left hand)
Potions
 c - a potion of heal wounds {unknown}
 d - a potion of attraction {unknown}
 e - a potion of haste
 f - a potion of curing {unknown}
 g - a potion of magic {unknown}
 j - a potion of might {unknown}
 l - a potion of mutation {unknown}

Dungeon Overview and Level Annotations

Branches:
Dungeon (4/15)
 Temple: D:4-7

Altars:
Wu Jian

Annotations:
D:3 1 runed translucent door, Crazy Yiuf


Message History

You barely miss the scorpion.
The scorpion is severely wounded.
The scorpion stings you but does no damage.
You closely miss the scorpion. You claw the scorpion.
The scorpion is almost dead.
The scorpion barely misses you. x2
You slash the scorpion!
You kill the scorpion!
Your Axes skill increases to level 7!
You start resting.
HP restored.
You see here a scorpion corpse.
You see here a +0 whip.
Things that are here:
a +0 dagger; a +0 club An ogre comes into view.
It is wielding a +0 giant club.
Found a large bronze ring.
Enter note:
Enter note:
Enter note:
Enter note:
Enter note:
Enter note:
Enter note: You hit the ogre.
Your weapon exudes an aura of protection.
The ogre is lightly wounded.
The ogre hits you with a +0 giant club!!
Ouch! That really hurt!
You hit the ogre. You claw the ogre.
The ogre is lightly wounded.
A quokka comes into view.
The ogre hits you but does no damage.
You barely miss the ogre. Your kick misses the ogre.
The ogre is lightly wounded.
You hit the ogre. You claw the ogre. You peck the ogre.
The ogre is heavily wounded.
The ogre hits you with a +0 giant club!!
Ouch! That really hurt!
You die...

#.......# ##.....$.# . ........#
.. .. .###......###... .....
......................
.=....................###
.........O............... ...
#r.@................
....##..######## #.......
..............# #.......
.................######.....
.................#..........
................#.........#
#......###.....#........%#
#......# #.....#.........#
########......###.....#.........#


You could see an ogre and a quokka.

Vanquished Creatures
  2 scorpions (D:4)
  An orc priest (D:3)
  An iguana (D:4)
  Jessica (D:2)
  5 adders
  2 worms
  3 dart slugs (D:1)
  7 orcs
  3 ball pythons
  3 bats
  An endoplasm (D:1)
  A giant cockroach (D:4)
  4 goblins
  7 hobgoblins
  4 jackals (D:1)
  5 quokkas (D:2)
  2 frilled lizards (D:2)
  8 kobolds
  23 rats
83 creatures vanquished.

Notes
Turn   | Place    | Note
-------+----------+-------------------------------------------
     0 | D:1      | qw the Tengu Warper began the quest for the Orb.
     0 | D:1      | Reached XP level 1. HP: 12/12 MP: 4/4
     0 | D:1      | 0 ||| qw: Version: 0.1-a-89-g26bdef1
     0 | D:1      | 0 ||| qw: Game counter: 2417
     0 | D:1      | 0 ||| qw: Always use a shield: true
     0 | D:1      | 0 ||| qw: God list: Okawaru
     0 | D:1      | 0 ||| qw: Allow faded altars: false
     0 | D:1      | 0 ||| qw: Do Orc after D:15 true
     0 | D:1      | 0 ||| qw: Do second Lair branch before Depths: true
     0 | D:1      | 0 ||| qw: Lair rune preference: random
     0 | D:1      | 0 ||| qw: Plans: Normal
     0 | D:1      | 0 ||| PLANNING D:1-11
    39 | D:1      | 39 ||| SWAPPING to +1 vorpal war axe.
    40 | D:1      | 40 ||| DROPPING +0 hand axe.
   265 | D:1      | 265 ||| Stepping ~*~*~tactically~*~*~ (hiding).
   273 | D:1      | HP: 3/12 [kobold/+0 short sword (3)]
   275 | D:1      | Reached skill level 3 in Axes
   275 | D:1      | Reached XP level 2. HP: 4/17 MP: 6/6
   565 | D:1      | 565 ||| Stepping ~*~*~tactically~*~*~ (stealth).
   566 | D:1      | 566 ||| Stepping ~*~*~tactically~*~*~ (stealth).
   568 | D:1      | 568 ||| Stepping ~*~*~tactically~*~*~ (stealth).
   616 | D:1      | 616 ||| Stepping ~*~*~tactically~*~*~ (stealth).
   816 | D:1      | 816 ||| Stepping ~*~*~tactically~*~*~ (hiding).
   818 | D:1      | 818 ||| Stepping ~*~*~tactically~*~*~ (hiding).
   843 | D:1      | Reached XP level 3. HP: 21/21 MP: 7/7
  1050 | D:1      | 1050 ||| UPGRADING to +0 ring mail.
  1060 | D:1      | 1060 ||| DROPPING +0 leather armour.
  1061 | D:1      | 1061 ||| UPGRADING to ring of see invisible.
  1062 | D:1      | 1062 ||| READING scroll labelled AKOAXE LONN.
  1063 | D:1      | 1063 ||| DROPPING scroll of blinking.
  1093 | D:2      | 1093 ||| Stepping ~*~*~tactically~*~*~ (stealth).
  1099 | D:2      | 1099 ||| FLEEEEING.
  1100 | D:2      | 1100 ||| FLEEEEING.
  1101 | D:2      | 1101 ||| FLEEEEING.
  1102 | D:2      | 1102 ||| FLEEEEING.
  1103 | D:2      | 1103 ||| STAIRDANCE
  1166 | D:2      | 1166 ||| STAIRDANCE
  1207 | D:2      | 1207 ||| STAIRDANCE
  1216 | D:2      | 1216 ||| Stepping ~*~*~tactically~*~*~ (stealth).
  1218 | D:2      | 1218 ||| Stepping ~*~*~tactically~*~*~ (stealth).
  1221 | D:2      | 1221 ||| Stepping ~*~*~tactically~*~*~ (stealth).
  1246 | D:2      | 1246 ||| Stepping ~*~*~tactically~*~*~ (stealth).
  1255 | D:2      | Reached skill level 4 in Axes
  1258 | D:2      | 1258 ||| Stepping ~*~*~tactically~*~*~ (stealth).
  1260 | D:2      | 1260 ||| DROPPING +0 club.
  1281 | D:2      | Noticed Jessica
  1284 | D:2      | 1284 ||| Stepping ~*~*~tactically~*~*~ (hiding).
  1292 | D:2      | Killed Jessica
  1293 | D:2      | Reached XP level 4. HP: 23/26 MP: 8/8
  1312 | D:2      | 1312 ||| Stepping ~*~*~tactically~*~*~ (stealth).
  1317 | D:2      | 1317 ||| Stepping ~*~*~tactically~*~*~ (stealth).
  1355 | D:2      | 1355 ||| Stepping ~*~*~tactically~*~*~ (stealth).
  1380 | D:2      | 1380 ||| Stepping ~*~*~tactically~*~*~ (stealth).
  1388 | D:2      | 1388 ||| Stepping ~*~*~tactically~*~*~ (stealth).
  1398 | D:2      | Reached skill level 5 in Axes
  1570 | D:2      | 1570 ||| Stepping ~*~*~tactically~*~*~ (stealth).
  1861 | D:2      | Gained mutation: Your magical nature lets you fly swiftly
                  | and evasively. [Tengu growth]
  1861 | D:2      | Reached XP level 5. HP: 27/30 MP: 9/9
  2022 | D:2      | 2022 ||| UPGRADING to +0 plate armour.
  2032 | D:2      | 2032 ||| DROPPING +0 ring mail.
  2033 | D:2      | 2033 ||| READING scroll labelled FOGIX KEEREP.
  2034 | D:2      | 2034 ||| READING scroll labelled SEDEBL OLUHIVO.
  2135 | D:2      | 2135 ||| DRINKING 3 glowing white potions.
  2240 | D:2      | 2240 ||| DROPPING 2 potions of berserk rage.
  2361 | D:3      | Found an ornate altar of the Wu Jian Council.
  2363 | D:3      | 2363 ||| Stepping ~*~*~tactically~*~*~ (stealth).
  2515 | D:3      | 2515 ||| DROPPING +0 whip.
  2516 | D:3      | Found a runed translucent door.
  2517 | D:3      | Noticed Crazy Yiuf
  2588 | D:3      | 2588 ||| READING scroll of brand weapon.
  2588 | D:3      | 2588 ||| BRANDING +1 war axe of freezing.
  2830 | D:3      | 2830 ||| READING scroll labelled MUMENE LYEQ.
  2831 | D:3      | 2831 ||| READING scroll labelled REOROOM FUXOA.
  2832 | D:3      | 2832 ||| READING scroll labelled HIUPTI CATUA.
  2833 | D:3      | 2833 ||| READING scroll labelled GORUAK UCKOADA.
  2838 | D:3      | 2838 ||| DRINKING 2 emerald potions.
  2839 | D:3      | 2839 ||| DROPPING potion of brilliance.
  2877 | D:4      | Reached skill level 6 in Axes
  2877 | D:4      | Reached XP level 6. HP: 29/35 MP: 10/10
  3019 | D:4      | 3019 ||| Stepping ~*~*~tactically~*~*~ (stealth).
  3225 | D:4      | 3225 ||| DROPPING +4 hammer.
  3439 | D:4      | 3439 ||| Stepping ~*~*~tactically~*~*~ (stealth).
  3455 | D:4      | Reached skill level 7 in Axes
  3498 | D:4      | Slain by an ogre

Levels and vault maps discovered:
D:1:      zaba_arrival_water, layout_basic
D:2:      layout_rooms, minmay_rat_hole, uniq_jessica
D:3:      layout_rooms, nicolae_wu_jian_wuxing_cycle, uniq_crazy_yiuf_cottage
D:4:      layout_basic, nicolae_figureground_pulse

Skill      XL: |  1  2  3  4  5  6 |
---------------+-------------------+-----
Axes           | 3 4 5 6 7 |  7.1
Armour         | 2 |  2.2
Fighting       | |  2.0
Throwing       | |  1.0
Dodging        | |  2.1
Spellcasting   | |  2.0
Translocations | |  2.4

Action                   |  1- 3 |  4- 6 || total
-------------------------+-------+-------++-------
Melee: War axe           |    50 |   130 ||   180
       Peck              |     7 |    18 ||    25
       Kick              |     4 |    27 ||    31
Throw: Boomerang         |     7 |       ||     7
  Use: Scroll            |     1 |     7 ||     8
       Potion            |       |     2 ||     2
 Stab: Distracted        |       |     1 ||     1
Armor: Leather armour    |     4 |       ||     4
       Ring mail         |    10 |     6 ||    16
       Plate armour      |       |    41 ||    41
Dodge: Dodged            |    25 |    52 ||    77

Table legend:
 A = Non-vault XP
 B = Vault XP
 C = Vault XP percentage of total XP
 D = Non-vault monster count
 E = Vault monster count
 F = Vault count percentage of total count
                 A         B        C        D         E       F
            +---------+---------+-------+---------+---------+-------
      Total |     428 |      57 |  11.8 |      63 |      20 |  24.1
            +---------+---------+-------+---------+---------+-------
        D:1 |      35 |       2 |   5.4 |      17 |       2 |  10.5
        D:2 |      75 |      55 |  42.3 |      22 |      18 |  45.0
        D:3 |      77 |       0 |   0.0 |      12 |       0 |   0.0
        D:4 |     241 |       0 |   0.0 |      12 |       0 |   0.0
            +---------+---------+-------+---------+---------+-------
